 Dungeon Crawl Stone Soup version 0.30.1-9-gdf580d7c3d (webtiles) character file.

Game seed: 12501101241141889555

420 fireball365 the Chopper (level 6, -2/53 HPs)
             Began as a Hill Orc Fighter on Oct 12, 2023.
             Slain by a gnoll
             ... wielding a +0 halberd
             ... led by a gnoll bouda
              (10 damage)
             ... on level 4 of the Dungeon.
             The game lasted 00:08:32 (2980 turns).

fireball365 the Chopper (Hill Orc Fighter)          Turns: 2980, Time: 00:08:33

Health: -2/53      AC: 10    Str: 21    XL:     6   Next: 94%
Magic:  6/6        EV:  8    Int:  8    God:
Gold:   169        SH:  5    Dex: 16    Spells: 5/5 levels left

rFire   . . .        a - +0 war axe
rCold   . . .        c - +0 buckler
rNeg    + . .        k - +0 chain mail
rPois   .            w - +0 helmet
rElec   .            (no cloak)
rCorr   .            (no gloves)
SInv    .            (no boots)
Will    .....        (no amulet) Stlth
                     e - +6 ring of dexterity
HPRegen 0.28/turn    h - ring of positive energy
MPRegen 0.10/turn

%: no passive effects
@: no status effects
A: no striking features
a: no special abilities


You were on level 4 of the Dungeon.
You visited 1 branch of the dungeon, and saw 4 of its levels.

You collected 169 gold pieces.

Inventory:

Hand Weapons
 a - a +0 war axe (weapon)
Missiles
 i - 3 poisoned darts (quivered)
Armour
 c - a +0 buckler (worn)
 k - a +0 chain mail (worn)
 w - a +0 helmet (worn)
Jewellery
 e - a +6 ring of dexterity (left hand)
 h - a ring of positive energy (right hand)
Wands
 g - a wand of roots (8)
Scrolls
 f - 2 scrolls of fear
 j - a scroll of butterflies {unknown}
 n - a scroll of immolation
 o - a scroll of amnesia {unknown}
 p - 2 scrolls of magic mapping
 s - a scroll of vulnerability {unknown}
 t - a scroll of poison {unknown}
 v - a scroll of teleportation {unknown}
Potions
 d - a potion of might
 l - 2 potions of lignification
 m - 3 potions of curing
 q - a potion of heal wounds {unknown}
 r - a potion of brilliance {unknown}
 u - a potion of resistance {unknown}
 z - a potion of mutation {unknown}


   Skills:
 + Level 4.5 Fighting
 + Level 6.8 Axes
 + Level 4.8 Armour
 + Level 0.5 Dodging
 + Level 0.5 Stealth
 + Level 4.2 Shields


You had 5 spell levels left.
You didn't know any spells.
Your spell library contained the following spells:

 Spells                   Type           Power      Damage    Failure   Level
 Necrotise                Necr           0%         1d4       98%         1
 Vampiric Draining        Necr           0%         2d6       100%        3
 Vhi's Electric Charge    Tloc/Air       0%         N/A       100%        3
 Agony                    Necr           0%         N/A       100%        5
 Arcjolt                  Conj/Air       0%         1d10      100%        5
 Plasma Beam              Fire/Air       0%         2x1d11    100%        6


Dungeon Overview and Level Annotations

Branches:
Dungeon (4/15)
 Temple: D:4-7

Altars:
Makhleb


Message History

The adder barely misses you. The adder completely misses you.
You closely miss the adder.
The adder is severely wounded.
The adder bites you but does no damage.
The gnoll bouda gazes fiercely through you!
You feel your attacks grow feeble.
You hit the adder.
The adder is almost dead.
The adder misses you. The adder barely misses you.
You slash the adder!
You kill the adder!
The gnoll bouda barks out a call to the hunt!
The gnoll picks up the pace!
Aiming: Fastroot
Press: ? - help, Q - select action, (/) - cycle Shift-Dir - straight line, f - gnoll, p - gnoll bouda
Aim: a gnoll, wielding a +0 spear (inner flame, covering ground quickly)
The roots erupt in riotous growth!
Roots grab the gnoll bouda.
The grasping roots constrict the gnoll bouda.
Flame seeps out of the gnoll bouda.
The gnoll bouda is engulfed in blazing flames.
Flame seeps out of the gnoll bouda.
The gnoll bouda struggles to escape constriction.
The grasping roots constrict the gnoll bouda.
The gnoll bouda explodes!
The fiery explosion engulfs the gnoll!!
The gnoll explodes!
The fiery explosion engulfs the gnoll!!!
You kill the gnoll!
The fiery explosion engulfs the gnoll!!
The gnoll explodes!
Your attacks no longer feel as feeble.
The gnoll hits you with a +0 halberd!
* * * LOW HITPOINT WARNING * * *
You barely miss the gnoll. The gnoll hits you but does no damage.
You slash the gnoll!
The gnoll is severely wounded.
You miss the adder. The adder bites you but does no damage.
The gnoll hits you with a +0 halberd!
You die...

######### #####
#....S..######.
###...######...@g....<....
#..............###.######.
#.#..[######...# #.# #
###..Sgg.....# #)#
#.###.######.#.###)####
#..g..# ###...))...#
###..## #####.##.#
........# #.##.#
####.....# ##....####...


You could see a gnoll (swift) and an adder.

Vanquished Creatures
  Sigmund (D:3)
  A scorpion (D:4)
  A gnoll bouda (D:4)
  A hound (D:4)
  5 gnolls
  4 adders
  3 worms
  4 orcs
  2 ball pythons
  7 endoplasms
  A giant cockroach (D:2)
  4 goblins
  4 hobgoblins
  2 quokkas
  A bat (D:3)
  2 frilled lizards
  6 kobolds
  3 rats
52 creatures vanquished.

Notes
Turn   | Place    | Note
-------+----------+-------------------------------------------
     0 | D:1      | fireball365 the Hill Orc Fighter began the quest for the
                  | Orb.
     0 | D:1      | Reached XP level 1. HP: 19/19 MP: 1/1
   358 | D:1      | Reached XP level 2. HP: 22/27 MP: 2/2
   682 | D:1      | Reached skill level 3 in Axes
  1272 | D:2      | Reached XP level 3. HP: 24/33 MP: 3/3
  1377 | D:2      | Reached skill level 4 in Axes
  1377 | D:2      | Reached XP level 4. HP: 40/40 MP: 4/4
  1855 | D:3      | Found a burning altar of Makhleb.
  1855 | D:3      | Noticed a balrug
  1861 | D:3      | Noticed a neqoxec
  1861 | D:3      | Noticed a hellwing
  2207 | D:3      | Noticed Sigmund
  2225 | D:3      | Killed Sigmund
  2226 | D:3      | Reached skill level 6 in Axes
  2226 | D:3      | Reached XP level 5. HP: 37/47 MP: 5/5
  2226 | D:3      | Reached XP level 6. HP: 42/53 MP: 6/6
  2980 | D:4      | Slain by a gnoll

Illustrated notes

Levels and vault maps discovered:
D:1:      psy_arrival_dodecagon, layout_loops_corners
D:2:      kennysheep_six_static_rooms, layout_basic
D:3:      layout_basic, makhleb_altar_promises_db, serial_park_tiny_2,
          minmay_fractal_squares_gapless_5, uniq_sigmund
D:4:      black_bear_nest_1, layout_loops_ring, mainiacjoe_overflow_catwalk

Skill      XL: |  1  2  3  4 |
---------------+-------------+-----
Axes           | 3 4 6 |  6.8
Fighting       | 4 |  4.5
Armour         | 4 |  4.8
Shields        | 4 |  4.2
Dodging        | |  0.5
Stealth        | |  0.5

Action                     |  1- 3 |  4- 6 || total
---------------------------+-------+-------++-------
  Melee: War axe           |    64 |   114 ||   178
  Evoke: Wand              |       |     1 ||     1
    Use: Scroll            |       |     6 ||     6
         Potion            |       |     2 ||     2
 Armour: Scale mail        |     6 |       ||     6
         Chain mail        |    33 |    58 ||    91
  Dodge: Dodged            |    28 |    49 ||    77
  Block: Buckler           |    13 |    28 ||    41
